Map: Cyber Forest LE

Players

Elazer - Winner!

  • Race: Zerg Zerg
  • Spawn Location: 5:00

Harstem

  • Race: Protoss Protoss
  • League: Grandmaster
  • Spawn Location: 11:00

Event: 2019 WCS Winter Europe

VOD

Have the link to the VOD?

Description

Time

  • Played on: Feb. 2, 2019, 11:25 a.m.
  • Length: 8:43

All games in this series

Show
View Real Time Build Order
Export as new Build Order

Elazer Zerg - Winner!

Build Orders: Hatch First 

Get SALT Encoding   

  12  0:00  Drone  
  13  0:12  Overlord  
  13  0:17  Drone  
  14  0:30  Drone  
  15  0:44  Hatchery  
  15  0:48  Drone  
  15  0:51  Drone  
  15  0:55  Drone  
  17  0:59  Drone  
  18  1:08  Extractor  
  17  1:15  Spawning Pool  
  17  1:18  Drone  
  17  1:21  Drone  
  18  1:31  Drone  
  19  1:42  Drone  
  20  1:52  Drone  
  21  1:56  Drone  
  22  2:03  Overlord  
  22  2:05  Queen x2  
  22  2:07  Zergling x2  
  27  2:14  Zergling x2  
  28  2:19  Metabolic Boost  
  28  2:21  Drone  
  29  2:24  Drone  
  29  2:29  Drone  
  31  2:35  Drone  
  32  2:40  Hatchery  
  31  2:46  Queen  
  31  2:51  Overlord  
  33  2:53  Drone  
  33  2:55  Drone  
  35  2:58  Drone  
  36  3:12  Drone x2  
  38  3:14  Drone x5  
  38  3:17  Overlord  
  43  3:21  Drone  
  44  3:35  Roach Warren, Zergling x2, Queen  
  44  3:36  Zergling x4  
  48  3:43  Overlord  
  48  3:44  Zergling x2  
  48  3:45  Zergling x4  
  51  3:49  Zergling x2  
  51  3:51  Overlord  
  52  4:01  Overlord  
  52  4:07  Drone x2  
  53  4:19  Roach  
  53  4:20  Roach x8  
  53  4:24  Overlord  
  71  4:28  Roach  
  71  4:29  Zergling x2  
  74  4:34  Overlord  
  74  4:43  Zergling x2  
  74  4:44  Zergling x10  
  75  4:53  Overlord  
  75  4:56  Queen  
  75  4:57  Ravager, Queen  
  75  4:59  Zergling x2  
  82  5:00  Zergling x2  
  82  5:04  Zergling x4  
  80  5:12  Roach  
  73  5:24  Overlord  
  73  5:25  Drone x8  
  78  5:37  Overlord, Extractor  
  78  5:38  Extractor, Drone x2  
  74  6:05  Drone  
  74  6:06  Drone x4  
  74  6:08  Drone x2  
  74  6:09  Overlord  
  74  6:10  Drone x4  
  84  6:17  Hatchery, Overlord  
  84  6:18  Roach x5  
  93  6:24  Ravager  
  94  6:27  Roach x2  
  98  6:37  Zergling x6  
  98  6:38  Queen  
  103  6:40  Ravager  
  103  6:41  Zergling x2  
  103  6:43  Ravager  
  103  6:45  Queen, Zergling x12  
  103  6:46  Queen  
  115  6:51  Zergling x10  
  120  6:56  Overlord  
  120  7:00  Roach  
  122  7:03  Extractor  
  122  7:04  Overlord  
  122  7:08  Overlord  
  121  7:13  Overlord  
  121  7:15  Roach x2  
  120  7:17  Ravager  
  121  7:26  Roach x3  
  125  7:30  Queen x2  
  125  7:32  Overlord  
  125  7:34  Ravager x2  
  131  7:37  Roach  
  131  7:38  Roach x2  
  137  7:45  Roach x2  
  137  7:50  Overlord  
  140  7:52  Zergling x12  
  140  7:57  Overlord  
  143  8:15  Zergling x2  
  143  8:16  Zergling x14  
  134  8:38  Ravager  
Show
View Real Time Build Order
Export as new Build Order

Harstem Protoss 

Build Orders: 1 Gate Expand 

Get SALT Encoding   

  12  0:00  Probe  
  13  0:13  Probe  
  14  0:18  Pylon  
  14  0:25  Probe  
  15  0:32  Assimilator  
  15  0:33  Probe  
  15  0:41  Probe  
  16  0:47  Gateway  
  17  0:51  Probe  
  18  1:03  Probe  
  19  1:16  Probe  
  20  1:24  Nexus  
  20  1:34  Cybernetics Core  
  20  1:37  Probe  
  21  1:43  Assimilator  
  21  1:49  Probe  
  21  1:52  Pylon  
  22  2:01  Warp Gate, Probe, Adept  
  23  2:13  Probe  
  26  2:21  Robotics Facility  
  26  2:25  Probe  
  27  2:30  Stalker  
  29  2:37  Probe x2  
  31  2:47  Gateway  
  31  2:49  Probe  
  33  2:54  Gateway  
  34  3:08  Gateway, Warp Prism  
  34  3:10  Probe  
  34  3:11  Gateway  
  35  3:22  Probe  
  35  3:25  Probe  
  37  3:27  Pylon  
  37  3:34  Probe  
  37  3:37  Probe  
  39  3:43  Pylon  
  40  3:51  Stalker x3  
  46  4:03  Stalker  
  46  4:04  Probe  
  46  4:06  Stalker  
  50  4:13  Pylon  
  50  4:14  Zealot  
  50  4:15  Zealot  
  52  4:19  Stalker  
  52  4:34  Stalker x2  
  52  4:35  Zealot x2  
  60  4:41  Zealot  
  62  4:54  Adept  
  62  4:55  Stalker  
  62  4:58  Probe x2  
  68  5:00  Pylon, Adept  
  70  5:10  Probe x2  
  66  5:16  Stalker x2  
  66  5:20  Immortal  
  58  5:23  Probe x2  
  56  5:31  Zealot x3  
  56  5:32  Zealot  
  56  5:35  Probe x2  
  70  5:41  Assimilator  
  70  5:43  Pylon  
  70  5:47  Probe  
  70  5:57  Probe  
  70  5:59  Immortal, Probe  
  71  6:04  Zealot  
  71  6:05  Zealot x2  
  82  6:13  Assimilator  
  82  6:14  Probe  
  82  6:15  Sentry, Pylon  
  84  6:25  Zealot  
  86  6:29  Pylon  
  86  6:30  Pylon  
  86  6:33  Probe  
  86  6:36  Observer  
  86  6:38  Gateway  
  86  6:39  Gateway  
  88  6:41  Sentry x2  
  88  6:43  Zealot  
  94  6:47  Probe  
  95  6:57  Sentry  
  98  7:02  Gateway  
  98  7:04  Gateway  
  98  7:05  Pylon  
  98  7:06  Sentry  
  98  7:07  Zealot, Sentry  
  103  7:10  Pylon  
  103  7:11  Pylon  
  103  7:18  Observer  
  104  7:26  Sentry  
  104  7:28  Zealot  
  104  7:29  Probe  
  107  7:30  Pylon  
  107  7:38  Stalker x3  
  107  7:39  Zealot  
  115  7:50  Stalker x2  
  117  7:57  Stalker x2  
  121  8:01  Stalker  
  107  8:15  Zealot x2  
  89  8:20  Stalker x4  
  83  8:29  Zealot x2  
Tags
 
Add a new tag
Caveats
  • Supply blocks, unpowered buildings, or Contaminate may cause inaccurate times.
  • Supply counts are checked every 10 seconds.